 Dungeon Crawl Stone Soup version 0.22-a0-825-ga28c36f (webtiles) character file.

152 BaronVonScrub the Magician (level 5, -8/35 HPs)
             Began as a Mummy Summoner on July 23, 2018.
             Killed from afar by Blork the orc (13 damage)
             ... with a puff of flame
             ... on level 4 of the Dungeon on July 24, 2018.
             The game lasted 00:15:42 (3906 turns).

BaronVonScrub the Magician (Mummy Summoner)         Turns: 3906, Time: 00:15:43

Health: -8/35      AC:  9    Str: 12    XL:     5   Next: 11%
Magic:  4/11       EV:  9    Int: 15    God:
Gold:   83         SH:  0    Dex: 12    Spells: 9/12 levels left

rFire    x . .     SeeInvis .   g - +0 flail (curse)
rCold    + . .     Gourm    .   (no shield)
rNeg     + + +     Faith    .   f - +2 scale mail {rPois}
rPois    ∞         Spirit   .   (no helmet)
rElec    .         Reflect  .   l - +0 cloak
rCorr    .         Harm     .   (no gloves)
MR       .....                  (no boots)
Stlth    ..........             e - amulet of regeneration
HPRegen  0.51/turn              k - ring of poison resistance
MPRegen  0.12/turn              (no ring)

@: very slightly contaminated
A: no food or potions, fire vulnerability, cold resistance 1, negative energy
resistance 3, torment resistance, unbreathing
a: no special abilities


You were on level 4 of the Dungeon.
You were not hungry.

You visited 1 branch of the dungeon, and saw 4 of its levels.

You collected 83 gold pieces.

Inventory:

Hand Weapons
 b - a +0 club
 g - a cursed +0 flail (weapon)
Armour
 a - a +0 robe
 c - a +1 robe of magic resistance
 f - a +2 scale mail of poison resistance (worn)
 l - a +0 cloak (worn)
Jewellery
 e - an amulet of regeneration (around neck)
 k - a ring of poison resistance (left hand)
 m - an uncursed ring of protection from cold {unknown}
Wands
 d - a wand of digging (6)
Scrolls
 i - 3 scrolls of remove curse {unknown}
 j - 4 scrolls of identify


   Skills:
 + Level 1.3 Maces & Flails
 * Level 1.1 Armour
 - Level 1.5 Dodging
 - Level 1.6 Stealth
 + Level 4.4 Spellcasting
 + Level 4.1 Summonings


You had 9 spell levels left.
You knew the following spells:

 Your Spells              Type           Power        Failure   Level  Hunger
a - Summon Small Mammal   Summ           ###.         17%         1    N/A
b - Call Imp              Summ           ###.....     26%         2    N/A

Your spell library contained the following spells:

 Spells                   Type           Power        Failure   Level  Hunger
 Summon Ice Beast         Ice/Summ       #.......     98%         4    N/A
 Call Canine Familiar     Summ           ###.....     45%         3    N/A
 Summon Lightning Spire   Summ/Air       #.......     98%         4    N/A
 Summon Guardian Golem    Hex/Summ       #.......     75%         3    N/A

Dungeon Overview and Level Annotations

Branches:
Dungeon (4/15)
 Temple: D:4-7

Altars:
Kikubaaqudgha
Uskayaw
Wu Jian

Annotations:
D:4 Blork the orc


Innate Abilities, Weirdness & Mutations

You do not eat or drink.
Your flesh is vulnerable to fire.
You are immune to poison.
Your flesh is cold resistant. (rC+)
You are immune to negative energy. (rN+++)
You are immune to unholy pain and torment.
You can survive without breathing.


Message History

Your bat hits the worm.
Your quokka completely misses the worm.
You hear some strange, mumbled words.
Your quokka barely misses the worm.
Something hits you. Something hits your quokka!
Your quokka dies!
Your quokka's corpse disappears in a puff of smoke!
The worm closely misses you.
You swap places.
Your bat hits the worm but does no damage. x2
Your bat hits the worm but does no damage.
The worm bites you.
* * * LOW HITPOINT WARNING * * *
Your bat hits the worm but does no damage.
Something hits you.
* * * LOW HITPOINT WARNING * * *
Your bat hits the worm.
You hear some strange, mumbled words.
A puff of flame appears from out of thin air!
The puff of flame hits you! The fire burns you terribly!
You die...

#####.#....# #####
.#....#..#.#####...###
.#.#........##.......#
.#.#........##.w.#>#.#
.#.##....##.######.#.#
<#.##.##.##..........#
....#.##.#########.###
........!########...#
....##.#††..bw{.@...#
.......#............#
########.........##.#
##............# ..
#...........###...)
#..................
#...........###...#
#..........## .#
#.#####+#...#


You could see a worm and a friendly bat.

Vanquished Creatures
  Terence (D:2)
  A worker ant (D:3)
  3 gnolls (D:3)
  2 orcs (D:3)
  2 giant cockroaches (D:2)
  2 goblins (D:3)
  3 hobgoblins
  7 jackals
  5 kobolds
  4 bats
  3 frilled lizards
  3 rats
36 creatures vanquished.

Vanquished Creatures (collateral kills)
  A hound (D:3)
  An adder (D:3)
  An ooze (D:2)
  3 bats
  2 giant cockroaches
  5 goblins
  2 hobgoblins
  4 jackals
  3 kobolds
  3 frilled lizards
  3 rats
28 creatures vanquished.

Grand Total: 64 creatures vanquished

Notes
Turn   | Place    | Note
-------+----------+-------------------------------------------
     0 | D:1      | BaronVonScrub the Mummy Summoner began the quest for the Orb.
     0 | D:1      | Reached XP level 1. HP: 13/13 MP: 4/4
   464 | D:1      | Reached XP level 2. HP: 19/19 MP: 3/6
  1544 | D:2      | Found a faded altar of an unknown god.
  1762 | D:2      | Noticed Terence
  1828 | D:2      | Killed Terence
  1828 | D:2      | Reached XP level 3. HP: 12/24 MP: 1/8
  2147 | D:2      | Found a transporter.
  2148 | D:2      | Noticed a sky beast
  2149 | D:2      | Found a transporter.
  2149 | D:2      | Noticed a centaur
  2162 | D:2      | Found a hide-covered altar of Uskayaw.
  2162 | D:2      | Found an ancient bone altar of Kikubaaqudgha.
  2617 | D:2      | Learned a level 2 spell: Call Imp
  2860 | D:3      | Upgraded the game from 0.22-a0-815-gb582571 to 0.22-a0-825-ga28c36f
  2950 | D:3      | Reached XP level 4. HP: 18/30 MP: 10/10
  3034 | D:3      | Found an ornate altar of the Wu Jian Council.
  3055 | D:3      | Reached skill level 1 in Maces & Flails
  3384 | D:3      | Reached skill level 1 in Armour
  3384 | D:3      | Reached XP level 5. HP: 21/35 MP: 7/11
  3802 | D:4      | Noticed Blork the orc
  3906 | D:4      | Killed from afar by Blork the orc

Vault maps used:
D:1:      minmay_arrival_glassed_features
D:2:      gammafunk_temple_overflow_arena, chequers_ecumenical_altar_island,
          minmay_misc_feat_chi, uniq_terence
D:3:      lemuel_doored_altar
D:4:      lemuel_round_altar, first_ration, minmay_misc_feat_diagonals,
          uniq_blork_the_orc

Skill      XL: |  1  2  3  4 |
---------------+-------------+-----
Spellcasting   | 3 4 |  4.4
Summonings     | 4 |  4.1
Maces & Flails | 1 |  1.3
Armour         | 1 |  1.1
Dodging        | |  1.5
Stealth        | |  1.6

Action                   |  1- 3 |  4- 6 || total
-------------------------+-------+-------++-------
Melee: Unarmed           |    14 |       ||    14
       Club              |    63 |       ||    63
       Flail             |    54 |    77 ||   131
 Cast: Summon Small Mamm |    67 |    39 ||   106
  Use: Scroll            |     2 |     1 ||     3
Armor: Robe              |    28 |       ||    28
       Scale mail        |    46 |    76 ||   122
Dodge: Dodged            |   110 |    80 ||   190

Table legend:
 A = Spawn XP
 B = Non-spawn XP
 C = Spawn XP percentage of total XP
 D = Spawn monster count
 E = Non-spawn monster count
 F = Spawn count percentage of total count
 G = Total turns spent on level
                    A         B        C        D         E        F      G
               +---------+---------+-------+---------+---------+-------+---------
         Total |       0 |     218 |   0.0 |       0 |      64 |   0.0 |  3906
               +---------+---------+-------+---------+---------+-------+---------
           D:1 |       0 |      27 |   0.0 |       0 |      22 |   0.0 |  1528
           D:2 |       0 |      47 |   0.0 |       0 |      16 |   0.0 |  1280
           D:3 |       0 |     141 |   0.0 |       0 |      24 |   0.0 |   900
           D:4 |       0 |       3 |   0.0 |       0 |       2 |   0.0 |   198
               +---------+---------+-------+---------+---------+-------+---------
